 Dungeon Crawl Stone Soup version 0.01-2161-g8ec87df2bd (webtiles) character file.

Game seed: 16868252625780379276, levelgen mode: deterministic

1024 Lanoc the Twirler (level 8, -7/94 HPs) Lignifite Berserker. Began on June 29, 2020. Was a Priest of Trog. Mangled by Sigmund ... wielding a +0 scythe (12 damage) ... on level 3 of the Dungeon. The game lasted 00:08:04 (2362 turns).

Lanoc the Twirler (Lignifite Berserker)             Turns: 2362, Time: 00:08:05

Health: -7/94      AC:  1    Str: 27    XL:     8 ^: 1334
Magic:  9/9        EV: 16    Int: 10    God:    Trog [3* [86]]
Gold:   173        SH:  3    Dex:  9    Spells: 7/7 levels left

rFire    x . .     Vision   .   p - +2 flail (venom)
rCold    . . .     Gourm    .   (weapon restricted)
rNeg     . . .     Faith    .   b - +0 animal skin
rPois    +         Spirit   .   (helmet restricted)
rElec    .         Reflect  .   (no cloak)
rCorr    +         Harm     .   (gloves unavailable)
MR       .....     Rnd*Rage +   (boots unavailable)
Stlth    ..........             (no amulet)
HPRegen  0.41/turn              f - ring of resist corrosion
MPRegen  0.19/turn              (no ring)

@: berserking, hasted (expiring), very quick
A: small, rF-, deformed body, speed 1, poison resistance, slow metabolism 1,
torment resistance, plant, rot immunity
a: Berserk, Trog's Hand, Renounce Religion


You were on level 3 of the Dungeon.
You worshipped Trog.
Trog was most pleased with you.
You were hungry.

You visited 1 branch of the dungeon, and saw 3 of its levels.

You collected 173 gold pieces.

Inventory:

Weapons
 a - a +0 mace
 p - a +2 flail of venom (weapon) Shields
 i - a +0 targe
Armour
 b - a +0 animal skin (worn)
Jewellery
 f - a ring of resist corrosion (left hand)
Scrolls
 g - 2 scrolls of enchantment
 h - a scroll of immolation
 j - 2 scrolls of teleportation
 m - a scroll of magic mapping
 n - a scroll of fear
Potions
 d - a potion of curing
 e - a potion of agility
 k - 2 potions of berserk rage
Comestibles
 c - 9 rations
 o - 5 chunks of flesh


   Skills:
 + Level 5.5 Fighting
 * Level 7.9 Maces & Staves
 + Level 5.0 Dodging


You had 7 spell levels left.
You didn't know any spells.
Your spell library was empty.

Dungeon Overview and Level Annotations

Branches:
Dungeon (3/8)

Altars:
Sif Muna

Annotations:
D:3 Sigmund


Innate Abilities, Weirdness & Mutations

Your woody flesh burns easily. (rF-)
A tangle of shorter branches protects your body from attack. (+3 SH)
You are small and have problems with some larger weapons.
Armour fits poorly on your strangely shaped body.
You cover ground quickly.
Your system is resistant to poisons. (rPois)
You have a slow metabolism.
You are immune to unholy pain and torment.
You require very little carbon dioxide to survive.
You are immune to rotting.
You frequently lose your temper in combat.
This godly rage surpasses even clarity. (*Rage)


Message History

Trog accepts your kill.
Your Dodging skill increases to level 5!
You have reached level 8!
You feel clever. The worker ant zombie bites you (1).
You hear some strange, mumbled words.
A puff of flame appears from out of thin air!
The puff of flame hits you (15)! The fire burns you terribly!
* * * LOW HITPOINT WARNING * * *
The worker ant zombie bites you (1).
* * * LOW HITPOINT WARNING * * *
You see here a scorpion corpse.
You barely miss something. x2; Something hits you (12)!
* * * LOW HITPOINT WARNING * * *
You closely miss something. x2
The worker ant zombie barely misses you (0).
You barely miss something. x2
Your extra speed is starting to run out.
Something hits you (12)!
You die...

###.†..###.........
###...#......÷.#Z#
###......{.Z..#.....
###....sZ.....####....
#.......#...### #....
#.....####### ###..
#...### ### #.....#
#..[Z@# ###...###
#.....## ...
##.....### #####...
####......####..#....
##..###......##......#
#.....##......#......#
#......###.........#
#.....####.....##


You could see a worker ant zombie.

Vanquished Creatures
  Menkaure (D:3)
  Edmund (D:3)
  A porcupine (D:3)
  A crocodile (D:2)
  A bullfrog (D:2)
  A scorpion (D:3)
  A howler monkey (D:3)
  3 jellies (D:2)
  A hound (D:3)
  A worker ant (D:3)
  2 adders
  12 sewer rats
  10 cinder newts
  3 worms (D:2)
  An ooze (D:2)
  A hound skeleton (D:3)
  4 dart slugs
  6 leopard geckos
  2 orcs (D:3)
  4 adder skeletons
  6 giant cockroaches
  A goblin (D:1)
  5 hobgoblins (D:1)
  4 kobolds (D:1)
  6 bats
  A hobgoblin skeleton (D:2)
  7 rats
87 creatures vanquished.

Vanquished Creatures (others)
  4 sewer rats (D:2)
  A leopard gecko (D:2)
  An adder skeleton (D:2)
  A bat (D:2)
  4 giant cockroaches (D:2)
  2 ball pythons (D:2)
  A rat skeleton (D:2)
  A giant blowfly (D:2)
  141 withered plants (D:2)
156 creatures vanquished.

Grand Total: 243 creatures vanquished

Notes
Turn   | Place    | Note
-------+----------+-------------------------------------------
     0 | D:1      | Lanoc the Lignifite Berserker began the quest for the Orb.
     0 | D:1      | Reached XP level 1. HP: 14/14 MP: 2/2
    51 | D:1      | Reached XP level 2. HP: 16/21 MP: 3/3
   343 | D:1      | Reached skill level 4 in Maces & Staves
   343 | D:1      | Reached XP level 3. HP: 26/26 MP: 4/4
   394 | D:1      | Reached ** piety under Trog
   769 | D:2      | Reached XP level 4. HP: 31/31 MP: 5/5
   783 | D:2      | Noticed a bullfrog
   794 | D:2      | Killed a bullfrog
   794 | D:2      | Reached skill level 5 in Maces & Staves
   797 | D:2      | Received a gift from Trog
   838 | D:2      | Found a shimmering blue altar of Sif Muna.
   847 | D:2      | Reached XP level 5. HP: 37/37 MP: 6/6
  1272 | D:2      | Reached XP level 6. HP: 28/43 MP: 7/7
  1472 | D:2      | Reached skill level 6 in Maces & Staves
  1844 | D:2      | Reached *** piety under Trog
  1938 | D:3      | Reached XP level 7. HP: 47/49 MP: 8/8
  2056 | D:3      | Noticed Edmund
  2073 | D:3      | Killed Edmund
  2073 | D:3      | Reached skill level 7 in Maces & Staves
  2099 | D:3      | Reached skill level 5 in Fighting
  2284 | D:3      | Noticed Menkaure
  2291 | D:3      | Killed Menkaure
  2304 | D:3      | Noticed Sigmund
  2358 | D:3      | Reached skill level 5 in Dodging
  2358 | D:3      | Reached XP level 8. HP: 32/63 MP: 9/9
  2360 | D:3      | HP: 4/94 [something (12)]
  2362 | D:3      | Mangled by Sigmund

Levels and vault maps discovered:
D:1:      dpeg_arrival_stonehenge_12_columns, layout_basic, first_ration
D:2:      wander_guarded_unrand_ratskin, layout_sewer, old_standard_altar
D:3:      ossuary_crypta, layout_twisted_cavern, serial_glass, glass_columns_b,
          glass_columns_a, uniq_sigmund, uniq_menkaure, uniq_pikel, uniq_edmund

Skill      XL: |  1  2  3  4  5  6  7 |
---------------+----------------------+-----
Maces & Staves | 4 5 6 7 |  7.9
Dodging        | 3 4 5 |  5.0
Fighting       | 4 5 |  5.5

Action                   |  1- 3 |  4- 6 |  7- 9 || total
-------------------------+-------+-------+-------++-------
Melee: Mace              |    82 |   151 |    35 ||   268
       Unarmed           |    58 |   119 |    44 ||   221
       Flail             |       |       |    24 ||    24
Invok: Berserk           |     2 |     7 |     3 ||    12
  Use: Potion            |       |       |     1 ||     1
 Stab: Sleeping          |       |     1 |       ||     1
  Eat: Chunk             |       |     8 |     2 ||    10
       Ration            |       |     1 |       ||     1
Armor: Animal skin       |     7 |     7 |     3 ||    17
Dodge: Dodged            |    79 |   131 |    53 ||   263
Block: Other             |     2 |    10 |     3 ||    15
